 Dungeon Crawl Stone Soup version 0.20.0-10-g0535bb4 (webtiles) character file.

524 Gargoyl the Ducker (level 7, -6/60 HPs)
             Began as a Green Draconian Abyssal Knight on June 6, 2017.
             Was a Believer of Lugonu.
             Mangled by a wyvern zombie (11 damage)
             ... on level 5 of the Dungeon on June 7, 2017.
             The game lasted 00:09:59 (4798 turns).

Gargoyl the Ducker (Green Draconian Abyssal Knight) Turns: 4798, Time: 00:09:59

Health: -6/60      AC:  7    Str: 15    XL:     7   Next: 2%
Magic:  10/10      EV: 15    Int: 12    God:    Lugonu [**....]
Gold:   255        SH:  3    Dex: 17    Spells: 6/6 levels left

rFire    + . .     SeeInvis +   a - +1 hand axe (freeze)
rCold    + . .     Gourm    .   (no shield)
rNeg     . . .     Faith    .   (armour unavailable)
rPois    +         Spirit   .   (helmet restricted)
rElec    +         Reflect  +   j - +0 cloak
rCorr    +         Harm     .   (no gloves)
MR       .....                  (no boots)
Stlth    ++........             d - +3 amulet of reflection
Regen    0.2/turn               e - +5 ring of dexterity
MPRegen  0.2/turn               m - ring of see invisible

@: resistant, flying
A: breathe noxious fumes, unfitting armour, mutation resistance 1, poison
resistance, cold-blooded, AC +6
a: Breathe Noxious Fumes, Depart the Abyss, Bend Space, Renounce Religion


You were on level 5 of the Dungeon.
You worshipped Lugonu.
Lugonu was pleased with you.
You were not hungry.

You visited 1 branch of the dungeon, and saw 5 of its levels.
You visited the Abyss 1 time.

You collected 255 gold pieces.

Inventory:

Hand Weapons
 a - a +1 hand axe of freezing (weapon)
Armour
 j - a +0 cloak (worn)
Jewellery
 d - a +3 amulet of reflection (around neck)
 e - a +5 ring of dexterity (left hand)
 m - a ring of see invisible (right hand)
Wands
 c - a wand of confusion (27/48)
 q - a wand of confusion (11/48)
 s - a wand of random effects (20/48)
 t - a wand of flame (29/48)
 u - a wand of confusion (14/48)
Scrolls
 i - 2 scrolls of fog
 k - 3 scrolls of identify
 p - a scroll of immolation {unknown}
Potions
 n - a potion of might {unknown}
 o - a potion of curing {unknown}
 r - a potion of ambrosia {unknown}
Comestibles
 b - 4 bread rations
 f - 3 meat rations
 g - 2 royal jellies
 v - a chunk of flesh


   Skills:
 + Level 4.3 Fighting
 + Level 4.2 Axes
 * Level 4.6 Dodging
 * Level 4.1 Invocations


You had 6 spell levels left.
You didn't know any spells.

Dungeon Overview and Level Annotations

Branches:
Dungeon (5/15)
 Temple: D:4-7

Altars:
Gozag
Qazlal
Trog
Uskayaw


Innate Abilities, Weirdness & Mutations

You can breathe blasts of noxious fumes.
Your lurid green scales are hard. (AC +6)
You cannot fit into any form of body armour.
Your system is resistant to poisons. (rPois)
You are cold-blooded and may be slowed by cold attacks.
You are somewhat resistant to further mutation.


Message History

The wyvern zombie bites you but does no damage.
The wyvern zombie bites you.
* * * LOW HITPOINT WARNING * * *
Unknown command.
You hit the wyvern zombie.
The wyvern zombie is almost destroyed.
The wyvern zombie bites you!
* * * LOW HITPOINT WARNING * * *
Unknown command.
It was a potion of resistance.
You feel protected. You block the wyvern zombie's attack.
Okay, then.
Unknown command.
The wyvern zombie closely misses you.
Okay, then.
It was a potion of flight.
You feel very buoyant.
You fly up into the air.
The wyvern zombie bites you!
You die...

......####
.........###
...........#
#................
##...............#
#................#
#...............#
#............@.#
#...........Z.#
#.........5..#
#..<........##
##..........#
##.........#
##.......##
###.....#
#...###.#


You could see a crimson imp and a wyvern zombie.

Vanquished Creatures
  An ogre (D:4)
  A hound (D:4)
  3 orc priests
  An orc wizard (D:4)
  Crazy Yiuf (D:3)
  Terence (D:3)
  Ijyb (D:4)
  3 worker ants (D:4)
  Robin (D:3)
  A river rat (D:4)
  3 adders
  3 worms
  6 dart slugs
  2 leopard geckos
  6 orcs
  3 ball pythons
  4 giant cockroaches
  8 goblins
  6 hobgoblins
  4 jackals
  9 bats
  3 frilled lizards
  9 kobolds
  6 rats
  3 fungi (D:3)
89 creatures vanquished.

Notes
Turn   | Place    | Note
-------+----------+-------------------------------------------
     0 | Abyss:1  | Gargoyl the Draconian Abyssal Knight began the quest for the Orb.
     0 | Abyss:1  | Reached XP level 1. HP: 19/19 MP: 2/2
   137 | Abyss:1  | Found a corrupted altar of Lugonu.
   151 | Abyss:1  | Found a sacrificial altar of Ru.
   197 | Abyss:3  | Noticed a raiju
   199 | D:1      | Escaped the Abyss
   378 | D:1      | Reached XP level 2. HP: 25/26 MP: 3/3
   493 | D:1      | Reached * piety under Lugonu
   946 | D:1      | Reached XP level 3. HP: 25/33 MP: 4/4
  1020 | D:1      | Gained mutation: You are somewhat resistant to further mutation. [potion of mutation]
  1598 | D:3      | Noticed Terence
  1612 | D:3      | Killed Terence
  1612 | D:3      | Reached XP level 4. HP: 17/40 MP: 6/6
  1790 | D:3      | Noticed Robin
  1802 | D:3      | Killed Robin
  1809 | D:3      | Reached ** piety under Lugonu
  2197 | D:3      | Reached XP level 5. HP: 22/46 MP: 7/7
  3006 | D:3      | Found a runed door.
  3010 | D:3      | Noticed Crazy Yiuf
  3014 | D:3      | Killed Crazy Yiuf
  3123 | D:4      | Found a stormy altar of Qazlal.
  3348 | D:4      | Reached XP level 6. HP: 14/52 MP: 8/8
  4089 | D:4      | Noticed Ijyb
  4093 | D:4      | Found a bloodstained altar of Trog.
  4112 | D:4      | Killed Ijyb
  4212 | D:4      | Found a hide-covered altar of Uskayaw.
  4274 | D:4      | Found an opulent altar of Gozag.
  4598 | D:4      | Your scales start taking on a lurid green colour.
  4598 | D:4      | Reached XP level 7. HP: 60/60 MP: 10/10
  4598 | D:4      | Gained mutation: Your system is resistant to poisons. (rPois) [Green Draconian growth]
  4765 | D:5      | Entered Level 5 of the Dungeon
  4798 | D:5      | Mangled by a wyvern zombie

Skill      XL: |  1  2  3  4  5  6 |
---------------+-------------------+-----
Dodging        | 3 4 |  4.6
Invocations    | 3 4 |  4.1
Fighting       | 4 |  4.3
Axes           | 3 4 |  4.2

Action                   |  1- 3 |  4- 6 |  7- 9 || total
-------------------------+-------+-------+-------++-------
Melee: Hand axe          |   107 |   153 |    19 ||   279
       Tailslap          |    13 |    29 |     2 ||    44
Invok: Depart the Abyss  |     1 |       |       ||     1
Evoke: Wand              |       |     1 |       ||     1
  Use: Scroll            |    10 |     4 |       ||    14
       Potion            |     1 |       |     2 ||     3
 Stab: Sleeping          |     1 |       |       ||     1
  Eat: Chunk             |     2 |    10 |       ||    12
Armor: Skin              |    41 |    40 |     6 ||    87
Dodge: Dodged            |    87 |   140 |    21 ||   248
Block: Other             |       |    14 |     1 ||    15
